 Dungeon Crawl Stone Soup version 0.30-a0-778-g2ef04afb54 (console) character file.

Game seed: 18267683834224733535

1018 rlgrobin the Cleaver (level 8, -5/55 (67) HPs)
             Began as a Meteoran Fighter on Feb 17, 2023.
             Was a Follower of Dithmenos.
             Slain by a wight
             ... wielding a +0 flail
              (6 damage)
             ... on level 10 of the Dungeon.
             The game lasted 00:04:40 (837 turns).

rlgrobin the Cleaver (Meteoran Fighter)              Turns: 837, Time: 00:04:40

HP:   -5/55 (67)    AC:  9    Str: 21    XL:     8   Next: 74%
MP:   9/9           EV:  9    Int:  9    God:    Dithmenos [*.....]
Gold: 94            SH:  5    Dex: 13    Spells: 7/7 levels left

rFire   . . .      SeeInvis .    a - +0 war axe
rCold   . . .      Faith    .    c - +0 buckler
rNeg    . . .      Spirit   .    b - +0 scale mail
rPois   .          Reflect  .    (no helmet)
rElec   .          Harm     .    g - +0 cloak
rCorr   .          Rampage  .    l - +0 pair of gloves
Will    ++...                    (no boots) Stlth
                                 (no amulet)
HPRegen 0.29/turn                f - ring of willpower
MPRegen 0.11/turn                (no ring)

@: glowing, heavily drained
A: sense surroundings 1, otherworldly, glowing, explore regen
a: Renounce Religion


You were on level 10 of the Dungeon.
You worshipped Dithmenos.
Dithmenos was aware of your devotion.
You visited 1 branch of the dungeon, and saw 10 of its levels.

You collected 94 gold pieces.

Inventory:

Hand Weapons
 a - a +0 war axe (weapon)
Armour
 b - a +0 scale mail (worn)
 c - a +0 buckler (worn)
 g - a +0 cloak (worn)
 l - a +0 pair of gloves (worn)
Jewellery
 f - a ring of willpower (left hand)
Wands
 k - a wand of polymorph (7)
 m - a wand of acid (7)
Potions
 d - 2 potions of heal wounds {unknown}
 e - 2 potions of attraction {unknown}
 h - 3 potions of flight
 i - 3 potions of mutation {unknown}
 j - a potion of curing
 n - a potion of berserk rage {unknown}


   Skills:
 + Level 4.7 Fighting
 - Level 10.0 Axes
 - Level 3.6 Armour
 - Level 3.6 Shields
 + Level 3.4 Evocations


You had 7 spell levels left.
You didn't know any spells.
Your spell library contained the following spells:

 Spells                   Type           Power      Damage    Failure   Level
 Ensorcelled Hibernation  Hex/Ice        0%         N/A       91%         2
 Spider Form              Tmut/Pois      0%         N/A       99%         3
 Anguish                  Hex/Necr       0%         N/A       100%        4


Dungeon Overview and Level Annotations

Branches:
Dungeon (10/15) Zot: 5139
 Temple: D:4-7         Lair: D:8-11         Orc: D:9-12

Altars:
Dithmenos
Elyvilon
Makhleb
The Shining One


Innate Abilities, Weirdness & Mutations

You passively map a small area around you.
You are easily found by Zot.
You glow in the dark.
You regain HP and MP as you explore.


Message History

You barely miss the wight. The wight completely misses you.
The wight closely misses you.
You barely miss the wight. The wight hits you but does no damage.
The wight barely misses you.
You barely miss the wight. The wight hits you with a +0 flail!
You feel drained. The wight hits you but does no damage.
You hit the wight.
The wight is lightly damaged.
The wight hits you with a +0 flail.
You feel drained.
The wight hits you from afar with a +0 spear.
You hit the wight.
The wight is moderately damaged.
The wight completely misses you.
The wight hits you from afar with a +0 spear.
You feel drained.
You barely miss the wight.
The wight is moderately damaged.
The wight hits you with a +0 flail!
You feel drained. The wight barely misses you.
You are too injured to fight recklessly!
You are too injured to fight recklessly!
You are too injured to fight recklessly!
You are too injured to fight recklessly!
You barely miss the wight.
The wight is moderately damaged.
The wight hits you with a +0 flail!
* * * LOW HITPOINT WARNING * * *
You feel drained.
* * * LOW HITPOINT WARNING * * *
You hit the wight.
The wight is severely damaged.
The wight hits you with a +0 flail!
* * * LOW HITPOINT WARNING * * *
You feel drained.
* * * LOW HITPOINT WARNING * * *
You block the wight's attack.
You hit the wight.
The wight is severely damaged.
The wight hits you with a +0 flail.
You die...

,
#.........##
, ,
#.......... *
,*#.........#
, ,
#........# ,,
#.......# , ,
,*#....<#* ,
, #....## * *
* #....# * *
#z@.## ,
......z####
....... * ,
##..... *
#..#...
..,.#.. * * #
....# * .. ..
*


You could see 2 wights.

Vanquished Creatures
  2 ogres (D:4)
  A sky beast (D:8)
  A phantom (D:4)
  3 kobold brigands
  A scorpion (D:6)
  2 wights (D:10)
  2 howler monkeys (D:9)
  2 orc priests (D:7)
  2 hounds
  2 iguanas
  An adder (D:6)
  3 white imps
  A worm (D:2)
  8 orcs
  A goblin (D:1)
  A quokka (D:5)
  A ball python (D:1)
  3 bats (D:3)
  20 kobolds
57 creatures vanquished.

Notes
Turn   | Place    | Note
-------+----------+-------------------------------------------
     0 | D:1      | rlgrobin the Meteoran Fighter began the quest for the Orb.
     0 | D:1      | Reached XP level 1. HP: 19/19 MP: 2/2
    94 | D:2      | Reached skill level 3 in Axes
    94 | D:2      | Reached XP level 2. HP: 26/26 MP: 3/3
   152 | D:4      | Noticed a phantom
   167 | D:4      | Killed a phantom
   168 | D:4      | Reached skill level 5 in Axes
   168 | D:4      | Reached XP level 3. HP: 26/31 MP: 4/4
   168 | D:4      | Reached XP level 4. HP: 32/38 MP: 5/5
   182 | D:4      | Reached XP level 5. HP: 42/45 MP: 6/6
   201 | D:4      | Noticed an ogre
   201 | D:4      | Noticed an ogre
   209 | D:4      | Killed an ogre
   210 | D:4      | Reached skill level 6 in Axes
   210 | D:4      | Reached XP level 6. HP: 37/51 MP: 7/7
   211 | D:4      | Killed an ogre
   212 | D:4      | Reached skill level 7 in Axes
   235 | D:4      | Found a shadowy altar of Dithmenos.
   243 | D:4      | Became a worshipper of Dithmenos the Shadowed
   295 | D:5      | Entered Level 5 of the Dungeon
   336 | D:5      | Reached skill level 8 in Axes
   336 | D:5      | Reached XP level 7. HP: 28/57 MP: 8/8
   423 | D:6      | Found a white marble altar of Elyvilon.
   484 | D:7      | Reached skill level 9 in Axes
   631 | D:9      | Noticed a wraith
   655 | D:8      | Reached * piety under Dithmenos
   669 | D:8      | Reached XP level 8. HP: 32/63 MP: 9/9
   688 | D:8      | Found a burning altar of Makhleb.
   699 | D:8      | Reached skill level 10 in Axes
   751 | D:9      | Reached skill level 1 in Evocations
   781 | D:9      | Found a glowing golden altar of the Shining One.
   813 | D:10     | Entered Level 10 of the Dungeon
   836 | D:10     | HP: 1/55 [wight/+0 flail (3)]
   837 | D:10     | Slain by a wight

Illustrated notes

Levels and vault maps discovered:
D:1:      kennysheep_arrival_forest, layout_loops_corners, minmay_hexomino_u4
D:2:      layout_rooms, shapermc_ecumenical_altar_starsandcircs
D:3:      layout_basic, nicolae_vehumet_altar_sigil
D:4:      wander_river, layout_rooms, kennysheep_mini_moat,
          grunt_dithmenos_smoke, minmay_temple_entry_fiery, uniq_edmund
D:5:      layout_loops_corners, nicolae_shop_i_like_big_books, solitary_fountain
D:6:      layout_basic, xom_teletrap_fun, mainiacjoe_overflow_brackets,
          lemuel_coloured_pillars_altar, uniq_sigmund
D:7:      minmay_slanted_spiral_squares, layout_basic,
          nicolae_overflow_hidden_temple
D:8:      kennysheep_housing_project, layout_rooms, kennysheep_mini,
          mainiacjoe_overflow_surrounded_room
D:9:      layout_rooms, tso_oasis_becter, minivault_16,
          hangedman_decor_slide_cut, nicolae_shop_clearance
D:10:     hellmonk_crumbling_castle, layout_cave_pools, david_orc_2,
          nicolae_transporter_intersection, uniq_nergalle, uniq_erolcha

Skill      XL: |  1  2  3  4  5  6  7  8 |
---------------+-------------------------+-----
Axes           | 3 5 6 8 9 10 | 10.0
Evocations     | 3 |  3.4
Fighting       | 4 |  4.7
Armour         | |  3.6
Shields        | |  3.6

Action                     |  1- 3 |  4- 6 |  7- 9 || total
---------------------------+-------+-------+-------++-------
  Melee: War axe           |    22 |    45 |   124 ||   191
    Use: Potion            |       |     1 |     1 ||     2
         Scroll            |       |       |     4 ||     4
 Armour: Scale mail        |    18 |    19 |    50 ||    87
  Dodge: Dodged            |     7 |    10 |    43 ||    60
  Block: Buckler           |     4 |    11 |    23 ||    38

Table legend: (Time is in decaauts)
 A = Elapsed time spent in this place.
 B = Non-inter-level travel time spent in this place.
 C = Inter-level travel time spent in this place.
 D = Time resting spent in this place.
 E = Time spent auto-exploring this place.
 F = Levels seen in this place.
 G = Mean time per level.
                   A        B        C        D        E       F      G
               +--------+--------+--------+--------+--------+-----+--------+
         Total |    859 |    847 |     12 |      0 |      0 |  10 |   85.9 |
       Dungeon |    859 |    847 |     12 |      0 |      0 |  10 |   85.9 |
               +--------+--------+--------+--------+--------+-----+--------+

Top non-repeatable levels by time:
     D:4: 156 daAuts
     D:8: 140 daAuts
     D:9: 115 daAuts
     D:6: 113 daAuts
     D:7: 106 daAuts
     D:1: 88 daAuts
     D:3: 50 daAuts
     D:5: 49 daAuts
    D:10: 24 daAuts
     D:2: 13 daAuts
